PBL
PORTLAND ANGELS @ PALM BEACH NATIONALS
05/30/2044
 
TOP OF THE 1ST
Portland Angels batting - Pitching for Palm Beach Nationals : RHP Matt Norris
Pitching: RHP Matt Norris
Batting: RHB Dan Burkhart 0-0: Ground out 4-3 (Groundball, 4, EV 103.8 MPH)
Batting: LHB Dave Hicks 0-0: Fly out, F9 (Flyball, 89D, EV 89.4 MPH)
Batting: LHB Mario Anguiano 0-0: Ball
1-0: Foul Ball, location: 2F
1-1: Fly out, F5 (Popup, 25F, EV 81.2 MPH)
Top of the 1st over - 0 runs, 0 hits, 0 errors, 0 left on base; Portland 0 - Palm Beach 0
BOTTOM OF THE 1ST
Palm Beach Nationals batting - Pitching for Portland Angels : RHP Hector Carrizales
Pitching: RHP Hector Carrizales
Batting: RHB Victor Cintron 0-0: Called Strike
0-1: DOUBLE (Flyball, 89XD, EV 106.9 MPH)
Batting: RHB Justin Van Houten 0-0: Ball
1-0: Ball
2-0: Foul Ball, location: 2F
2-1: Ground out U3 (Groundball, 34S, EV 89.4 MPH)
Victor Cintron to third
Batting: RHB Naofumi Ishida 0-0: Ball
1-0: Called Strike
1-1: Fly out, F9 (Flyball, 89S, EV 95.0 MPH)
Batting: RHB Gabe Almazan 0-0: Foul Ball, location: 2F
0-1: Swinging Strike
0-2: Ball
1-2: Strikes out swinging
Bottom of the 1st over - 0 runs, 1 hit, 0 errors, 1 left on base; Portland 0 - Palm Beach 0
TOP OF THE 2ND
Portland Angels batting - Pitching for Palm Beach Nationals : RHP Matt Norris
Batting: RHB Juan Rosa 0-0: Swinging Strike
0-1: Swinging Strike
0-2: Foul Ball, location: 2F
0-2: Ball
1-2: Strikes out swinging
Batting: LHB Spencer Palmer 0-0: Ball
1-0: Called Strike
1-1: SINGLE (Groundball, 5D, EV 100.6 MPH)
Batting: LHB Griffin Ferris 0-0: Called Strike
0-1: Foul Ball, location: 2F
0-2: Strikes out looking
Batting: LHB Mark Reeg 0-0: Ball
1-0: Called Strike
1-1: Ball
2-1: Ball
3-1: Base on Balls
Spencer Palmer to second
Batting: RHB Sean Rocha 0-0: SINGLE (Groundball, 34D, EV 101.2 MPH)
Spencer Palmer to third
Mark Reeg to second
Runner from 3rd tries for Home, SAFE, throw by RF to home
Batting: SHB Danny Gelinas 0-0: Swinging Strike
0-1: Foul Ball, location: 2F
0-2: Ground out U3 (Groundball, 3L, EV 86.9 MPH)
Top of the 2nd over - 1 run, 2 hits, 0 errors, 2 left on base; Portland 1 - Palm Beach 0
BOTTOM OF THE 2ND
Palm Beach Nationals batting - Pitching for Portland Angels : RHP Hector Carrizales
Batting: RHB Lamar Thornton 0-0: Called Strike
0-1: Foul Ball, location: 2F
0-2: SINGLE (Line Drive, 9S, EV 93.1 MPH)
Batting: RHB Chad Madsen 0-0: Called Strike
0-1: Ball
1-1: Foul Ball, location: 2F
1-2: Ball
2-2: Ball
3-2: Base on Balls
Lamar Thornton to second
Batting: RHB Jessie Fisher 0-0: Called Strike
0-1: Swinging Strike
0-2: Ball
1-2: SINGLE (Groundball, 34D, EV 97.5 MPH)
Lamar Thornton to third
Chad Madsen to second
Batting: RHB Jason Ewert 0-0: Swinging Strike
0-1: Ball
1-1: SINGLE (Groundball, 34D, EV 108.1 MPH)
Lamar Thornton scores
Chad Madsen to third
Jessie Fisher to second
Batting: RHB Dave Burwell 0-0: Ball
1-0: Fly out, F9 (Line Drive, 9, EV 94.4 MPH)
Runner from 3rd tags up, SCORES, throw by RF
Jessie Fisher to third
Batting: RHB Victor Cintron 0-0: Ball
1-0: Called Strike
1-1: Fielders Choice at 2nd, 5-4 (Groundball, 5, EV 86.2 MPH)
Jessie Fisher scores
Batting: RHB Justin Van Houten 0-0: Ball
1-0: Ball
2-0: Called Strike
2-1: Foul Ball, location: 2F
2-2: Strikes out swinging
Bottom of the 2nd over - 3 runs, 3 hits, 0 errors, 1 left on base; Portland 1 - Palm Beach 3
TOP OF THE 3RD
Portland Angels batting - Pitching for Palm Beach Nationals : RHP Matt Norris
Batting: RHB Dan Burkhart 0-0: Ball
1-0: Fly out, F8 (Line Drive, 8LM, EV 95.6 MPH)
Batting: LHB Dave Hicks 0-0: Ball
1-0: Foul Ball, location: 2F
1-1: Ball
2-1: Called Strike
2-2: Strikes out looking
Batting: LHB Mario Anguiano 0-0: Ball
1-0: Foul Ball, location: 2F
1-1: Foul Ball, location: 2F
1-2: Ball
2-2: Foul Ball, location: 2F
2-2: Ball
3-2: Fly out, F8 (Flyball, 8RD, EV 75.6 MPH)
Top of the 3rd over - 0 runs, 0 hits, 0 errors, 0 left on base; Portland 1 - Palm Beach 3
BOTTOM OF THE 3RD
Palm Beach Nationals batting - Pitching for Portland Angels : RHP Hector Carrizales
Batting: RHB Naofumi Ishida 0-0: Swinging Strike
0-1: Called Strike
0-2: Foul Ball, location: 2F
0-2: Ball
1-2: Ball
2-2: Fly out, F7 (Flyball, 78M, EV 87.5 MPH)
Batting: RHB Gabe Almazan 0-0: Ball
1-0: Called Strike
1-1: Foul Ball, location: 2F
1-2: Ground out U3 (Groundball, 34S, EV 84.4 MPH)
Batting: RHB Lamar Thornton 0-0: Ground out 6-3 (Groundball, 56, EV 101.9 MPH)
Bottom of the 3rd over - 0 runs, 0 hits, 0 errors, 0 left on base; Portland 1 - Palm Beach 3
TOP OF THE 4TH
Portland Angels batting - Pitching for Palm Beach Nationals : RHP Matt Norris
Batting: RHB Juan Rosa 0-0: Ball
1-0: Called Strike
1-1: Called Strike
1-2: Ball
2-2: SINGLE (Groundball, 4MD, EV 103.1 MPH)
Batting: LHB Spencer Palmer 0-0: Ball
1-0: Called Strike
1-1: Ball
2-1: Ball
3-1: Foul Ball, location: 2F
3-2: Foul Ball, location: 2F
3-2: Base on Balls
Juan Rosa to second
Batting: LHB Griffin Ferris 0-0: Swinging Strike
0-1: Foul Ball, location: 2F
0-2: Ball
1-2: Ball
2-2: Foul Ball, location: 2F
2-2: DOUBLE (Line Drive, 78M, EV 96.9 MPH)
Juan Rosa scores
Spencer Palmer to third
Batting: LHB Mark Reeg 0-0: Called Strike
0-1: Called Strike
0-2: Foul Ball, location: 2F
0-2: Strikes out swinging
Pitching: RHP Kiyonaga Nakamura
Batting: RHB Sean Rocha 0-0: Ball
1-0: Fly out, F5 (Flyball, 5D, EV 95.6 MPH)
Batting: SHB Danny Gelinas 0-0: Ball
1-0: Fly out, F6 (Popup, 6M, EV 62.5 MPH)
Top of the 4th over - 1 run, 2 hits, 0 errors, 2 left on base; Portland 2 - Palm Beach 3
BOTTOM OF THE 4TH
Palm Beach Nationals batting - Pitching for Portland Angels : RHP Hector Carrizales
Batting: RHB Chad Madsen 0-0: Called Strike
0-1: SINGLE (Line Drive, 4D, EV 101.2 MPH)
Batting: RHB Jessie Fisher 0-0: Called Strike
0-1: Called Strike
0-2: Strikes out looking
Batting: RHB Jason Ewert 0-0: Ball
1-0: Fly out, F6 (Line Drive, 6, EV 76.2 MPH)
Batting: RHB Dave Burwell 0-0: Ball
1-0: Called Strike
1-1: Ball
2-1: Ball
3-1: Called Strike
3-2: Ground out 5-3 (Groundball, 56, EV 99.4 MPH)
Bottom of the 4th over - 0 runs, 1 hit, 0 errors, 1 left on base; Portland 2 - Palm Beach 3
TOP OF THE 5TH
Portland Angels batting - Pitching for Palm Beach Nationals : RHP Kiyonaga Nakamura
Batting: RHB Dan Burkhart 0-0: Ball
1-0: SINGLE (Groundball, 34D, EV 100.6 MPH)
Batting: LHB Dave Hicks 0-0: Ball
1-0: Fielders Choice at 2nd, 4-6 (Groundball, 4, EV 79.4 MPH)
Batting: LHB Mario Anguiano 0-0: SINGLE (Line Drive, 34, EV 96.9 MPH)
Dave Hicks to second
Batting: RHB Juan Rosa 0-0: Called Strike
0-1: Ball
1-1: Foul Ball, location: 2F
1-2: Ball
2-2: Foul Ball, location: 2F
2-2: Fly out, F9 (Flyball, 9, EV 88.1 MPH)
Batting: LHB Spencer Palmer 0-0: Foul Ball, location: 2F
0-1: Ball
1-1: Swinging Strike
1-2: Strikes out swinging
Top of the 5th over - 0 runs, 2 hits, 0 errors, 2 left on base; Portland 2 - Palm Beach 3
BOTTOM OF THE 5TH
Palm Beach Nationals batting - Pitching for Portland Angels : RHP Hector Carrizales
Batting: RHB Victor Cintron 0-0: SINGLE (Line Drive, 6D, EV 105.6 MPH)
Batting: RHB Justin Van Houten 0-0: Foul Ball, location: 2F
0-1: Ball
1-1: Foul Ball, location: 2F
1-2: Fly out, F8 (Flyball, 89M, EV 80.0 MPH)
Batting: RHB Naofumi Ishida 0-0: Called Strike
0-1: Fly out, F3 (Popup, 3SF, EV 88.8 MPH)
Batting: RHB Gabe Almazan 0-0: Called Strike
0-1: Foul Ball, location: 2F
0-2: Ball
1-2: Ground out 5-3 (Groundball, 56S, EV 66.2 MPH)
Bottom of the 5th over - 0 runs, 1 hit, 0 errors, 1 left on base; Portland 2 - Palm Beach 3
TOP OF THE 6TH
Portland Angels batting - Pitching for Palm Beach Nationals : RHP Kiyonaga Nakamura
Batting: LHB Griffin Ferris 0-0: Ball
1-0: Ball
2-0: Called Strike
2-1: Ball
3-1: Base on Balls
Batting: LHB Mark Reeg 0-0: Ball
1-0: Ball
2-0: Called Strike
2-1: Foul Ball, location: 2F
2-2: Fly out, F8 (Flyball, 8LD, EV 94.4 MPH)
Pinch Hitting: RHB Khalil Thurston 0-0: Ball
1-0: Ball
2-0: Ball
3-0: Base on Balls
Griffin Ferris to second
Batting: SHB Danny Gelinas 0-0: Ball
1-0: SINGLE (Groundball, 4MD, EV 110.6 MPH)
Griffin Ferris to third
Khalil Thurston to second
Runner from 3rd tries for Home, SAFE, throw by CF to home
Batting: RHB Dan Burkhart 0-0: Ball
1-0: Ball
2-0: Called Strike
2-1: Called Strike
2-2: Ball
3-2: Base on Balls
Khalil Thurston to third
Danny Gelinas to second
Pinch Hitting: RHB T.J. Gray 0-0: Ball
1-0: Ball
2-0: Ball
3-0: Base on Balls
Khalil Thurston scores
Danny Gelinas to third
Dan Burkhart to second
Batting: LHB Mario Anguiano 0-0: Ball
Wild Pitch!
Danny Gelinas scores
Dan Burkhart to third
T.J. Gray to second
1-0: Ball
2-0: Foul Ball, location: 2F
2-1: 3-RUN HOME RUN (Line Drive, 9D, EV 98.1 MPH), Distance : 374 ft
Batting: RHB Juan Rosa 0-0: Called Strike
0-1: Ball
1-1: SINGLE (Flyball, 78S, EV 93.8 MPH) - OUT at second base trying to stretch hit.
Batting: LHB Spencer Palmer 0-0: Foul Ball, location: 2F
0-1: Called Strike
0-2: Fly out, F7 (Flyball, 7D, EV 93.1 MPH)
Top of the 6th over - 6 runs, 3 hits, 0 errors, 0 left on base; Portland 8 - Palm Beach 3
BOTTOM OF THE 6TH
Palm Beach Nationals batting - Pitching for Portland Angels : RHP Hector Carrizales
Now at 2B: Jon Shonka
Now in CF: Areda Obote
Batting: RHB Lamar Thornton 0-0: Ball
1-0: Called Strike
1-1: Swinging Strike
1-2: Ground out 6-3 (Groundball, 6, EV 86.9 MPH)
Batting: RHB Chad Madsen 0-0: Ground out 6-3 (Groundball, 6, EV 87.5 MPH)
Batting: RHB Jessie Fisher 0-0: Ball
1-0: Foul Ball, location: 2F
1-1: Ball
2-1: Hit by Pitch
Batting: RHB Jason Ewert 0-0: Called Strike
0-1: Foul Ball, location: 2F
0-2: Ball
1-2: Ball
2-2: Ball
3-2: Foul Ball, location: 2F
3-2: Base on Balls
Jessie Fisher to second
Batting: RHB Dave Burwell 0-0: Swinging Strike
0-1: SINGLE (Line Drive, 6MD, EV 106.2 MPH)
Jessie Fisher to third
Jason Ewert to second
Batting: RHB Victor Cintron 0-0: Ball
1-0: Foul Ball, location: 2F
1-1: Foul Ball, location: 2F
1-2: Ball
2-2: Fly out, F8 (Flyball, 8LXD, EV 96.2 MPH)
Bottom of the 6th over - 0 runs, 1 hit, 0 errors, 3 left on base; Portland 8 - Palm Beach 3
TOP OF THE 7TH
Portland Angels batting - Pitching for Palm Beach Nationals : RHP Kiyonaga Nakamura
Batting: LHB Griffin Ferris 0-0: Ball
1-0: Ball
2-0: Foul Ball, location: 2F
2-1: Ground out 5-3 (Groundball, 5D, EV 88.8 MPH)
Batting: LHB Mark Reeg 0-0: Ball
1-0: Foul Ball, location: 2F
1-1: Foul Ball, location: 2F
1-2: Fly out, F9 (Line Drive, 9, EV 97.5 MPH)
Pitching: RHP Curtis DeLille
Batting: RHB Jon Shonka 0-0: Ball
1-0: Fly out, F3 (Popup, 3SF, EV 75.6 MPH)
Top of the 7th over - 0 runs, 0 hits, 0 errors, 0 left on base; Portland 8 - Palm Beach 3
BOTTOM OF THE 7TH
Palm Beach Nationals batting - Pitching for Portland Angels : RHP Hector Carrizales
Batting: RHB Justin Van Houten 0-0: Ball
1-0: Ball
2-0: Ball
3-0: Base on Balls
Batting: RHB Naofumi Ishida 0-0: Called Strike
Justin Van Houten steals 2nd base
0-1: Ball
1-1: Ground out 6-3 (Groundball, 56D, EV 108.8 MPH)
Batting: RHB Gabe Almazan 0-0: Ground out 5-3 (Groundball, 56S, EV 65.6 MPH)
Justin Van Houten to third
Batting: RHB Lamar Thornton 0-0: Ball
1-0: Foul Ball, location: 2F
1-1: Swinging Strike
1-2: Ball
2-2: SINGLE (Groundball, 34S, EV 99.4 MPH)
Justin Van Houten scores
Pitching: RHP Eli Mercedes
Batting: RHB Chad Madsen 0-0: Ball
1-0: Ball
2-0: Fly out, F3 (Popup, 23F, EV 90.6 MPH)
Bottom of the 7th over - 1 run, 1 hit, 0 errors, 1 left on base; Portland 8 - Palm Beach 4
TOP OF THE 8TH
Portland Angels batting - Pitching for Palm Beach Nationals : RHP Curtis DeLille
Batting: SHB Danny Gelinas 0-0: Ground out 5-3 (Groundball, 25, EV 81.9 MPH)
Batting: RHB Dan Burkhart 0-0: Called Strike
0-1: Ball
1-1: Swinging Strike
1-2: Fly out, F7 (Flyball, 7S, EV 88.1 MPH)
Batting: RHB Areda Obote 0-0: Called Strike
0-1: Called Strike
0-2: Fly out, F8 (Flyball, 8LXD, EV 97.5 MPH)
Top of the 8th over - 0 runs, 0 hits, 0 errors, 0 left on base; Portland 8 - Palm Beach 4
BOTTOM OF THE 8TH
Palm Beach Nationals batting - Pitching for Portland Angels : RHP Eli Mercedes
Batting: RHB Jessie Fisher 0-0: Called Strike
0-1: Called Strike
0-2: Reached on error, E4 (Groundball, 4, EV 106.9 MPH)
Pinch Hitting: LHB Vince McLane 0-0: Ball
1-0: Ball
2-0: Foul Ball, location: 2F
2-1: Ground out 4-3 (Groundball, 4, EV 78.1 MPH)
Jessie Fisher to third
Batting: RHB Gregg Huddleston 0-0: Called Strike
0-1: Ball
1-1: Fly out, F9 (Flyball, 9, EV 79.4 MPH)
Runner from 3rd tags up, SCORES, throw by RF
Batting: RHB Victor Cintron 0-0: Foul Ball, location: 2F
0-1: Foul Ball, location: 2F
0-2: Ball
1-2: Foul Ball, location: 2F
1-2: Ground out 6-3 (Groundball, 6, EV 105.6 MPH)
Bottom of the 8th over - 1 run, 0 hits, 1 error, 0 left on base; Portland 8 - Palm Beach 5
TOP OF THE 9TH
Portland Angels batting - Pitching for Palm Beach Nationals : RHP Curtis DeLille
Now at 3B: Bobby Bricker
Now at SS: Gabe Almazan
Batting: LHB Mario Anguiano 0-0: Ball
1-0: Foul Ball, location: 2F
1-1: Ground out 1-3 (Groundball, 23, EV 71.9 MPH)
Batting: RHB Juan Rosa 0-0: Foul Ball, location: 2F
0-1: Foul Ball, location: 2F
0-2: Ball
1-2: Foul Ball, location: 2F
1-2: Foul Ball, location: 2F
1-2: Ball
2-2: Ball
3-2: Foul Ball, location: 2F
3-2: Base on Balls
Batting: LHB Spencer Palmer Balk!
Juan Rosa to second
0-0: Ball
1-0: Ball
2-0: Ball
3-0: Base on Balls
Batting: LHB Griffin Ferris 0-0: Fly out, F6 (Popup, 6D, EV 46.9 MPH)
Batting: LHB Mark Reeg 0-0: Called Strike
0-1: Foul Ball, location: 2F
0-2: Ball
1-2: Ground out 4-3 (Groundball, 4, EV 98.1 MPH)
Top of the 9th over - 0 runs, 0 hits, 0 errors, 2 left on base; Portland 8 - Palm Beach 5
BOTTOM OF THE 9TH
Palm Beach Nationals batting - Pitching for Portland Angels : RHP Eli Mercedes
Pitching: RHP Jamie Snyder
Now at 1B: Jon Shonka
Now at 2B: Edward Hillock
Now in LF: Trevor Kingston
Batting: RHB Justin Van Houten 0-0: Ball
1-0: Ball
2-0: Foul Ball, location: 2F
2-1: Foul Ball, location: 2F
2-2: Foul Ball, location: 2F
2-2: Ball
3-2: Base on Balls
Batting: RHB Naofumi Ishida 0-0: Ball
1-0: Called Strike
1-1: Swinging Strike
1-2: Fielders Choice at 2nd, 4-6 (Groundball, 34, EV 106.9 MPH)
Batting: RHB Gabe Almazan 0-0: Ball
1-0: Called Strike
1-1: Called Strike
1-2: Ball
2-2: Fly out, F7 (Flyball, 7, EV 83.1 MPH)
Batting: RHB Lamar Thornton 0-0: Called Strike
0-1: Swinging Strike
0-2: Ball
1-2: Fielders Choice at 2nd, 6-4 (Groundball, 6, EV 86.2 MPH)
Bottom of the 9th over - 0 runs, 0 hits, 0 errors, 1 left on base; Portland 8 - Palm Beach 5
Thursday, March 31st , 2022 - OOTP Baseball 22.12 Build 89